 Dungeon Crawl Stone Soup version 0.18-a0-1782-gb76a692 (webtiles) character file.

116 Zhenya25pyc the Skirmisher (level 5, -4/33 HPs)
             Began as a Gargoyle Fighter on Apr 17, 2016.
             Slain by a gnoll
             ... wielding a cursed +0 halberd
              (6 damage)
             ... on level 2 of the Dungeon.
             The game lasted 00:02:58 (1255 turns).

Zhenya25pyc the Skirmisher (Gargoyle Fighter)       Turns: 1255, Time: 00:02:58

Health: -4/33      AC: 15    Str: 23    XL:     5   Next: 1%
Magic:  5/5        EV:  4    Int:  9    God:
Gold:   64         SH:  9    Dex:  9    Spells: 0 memorised, 4 levels left

rFire  . . .     SeeInvis .     a - +0 flail
rCold  . . .     Gourm    .     h - +0 plate armour
rNeg   + + .     Faith    .     c - +0 shield
rPois  ∞         Spirit   .     (no helmet)
rElec  +         Dismiss  .     (no cloak)
rCorr  .         Reflect  .     (no gloves)
SustAt .         Harm     .     (no boots)
MR     .....                    (no amulet)
Stlth  ..........               o - ring of positive energy
                                e - +3 ring of strength

@: not resistant to hostile enchantments, extremely unstealthy
A: negative energy resistance 1, electricity resistance, unbreathing,
petrification resistance, rot immunity, AC +4
a: no special abilities


You were on level 2 of the Dungeon.
You were hungry.

You visited 1 branch of the dungeon, and saw 2 of its levels.

You collected 64 gold pieces.

Inventory:

Hand Weapons
 a - a +0 flail (weapon)
Armour
 c - a +0 shield (worn)
 h - a +0 plate armour (worn)
Jewellery
 e - a +3 ring of strength (left hand)
 o - a ring of positive energy (right hand)
Scrolls
 i - a scroll of random uselessness {unknown}
 j - 2 scrolls of identify {unknown}
 k - a scroll of noise {unknown}
 l - a scroll of teleportation {unknown}
 n - a scroll of amnesia {unknown}
 r - a scroll of magic mapping {unknown}
 t - a scroll of immolation {unknown}
Potions
 b - a potion of resistance {unknown}
 d - a potion of might
 m - a potion of curing {unknown}
 q - a potion of agility {unknown}
 u - a potion of heal wounds {unknown}
Comestibles
 f - 2 bread rations
 g - a meat ration
 s - a beef jerky


   Skills:
 + Level 4.2 Fighting
 * Level 3.7 Maces & Flails
 + Level 4.0 Armour
 - Level 3.2 Shields


You had 4 spell levels left.
You didn't know any spells.

Dungeon Overview and Level Annotations

Branches:
Dungeon (2/15)

Altars:
Ru


Innate Abilities, Weirdness & Mutations

You are resistant to torment.
Your stone body is resilient (AC +4).
You are immune to poison.
You resist negative energy.
You are resistant to electric shocks.
You can survive without breathing.
You are immune to petrification.
You are immune to rotting.


Message History

You are too injured to fight recklessly!
You are too injured to fight recklessly!
You are too injured to fight recklessly!
You are too injured to fight recklessly!
You are too injured to fight recklessly!
You are too injured to fight recklessly!
You are too injured to fight recklessly!
You are too injured to fight recklessly!
You are too injured to fight recklessly!
You are too injured to fight recklessly!
You are too injured to fight recklessly!
You are too injured to fight recklessly!
You hit the gnoll.
The gnoll is almost dead.
The gnoll hits you but does no damage. The gnoll hits you.
* * * LOW HITPOINT WARNING * * *
You barely miss the gnoll.
The gnoll is almost dead.
The gnoll hits you from afar with a halberd.
You die...

..# ..# ..# #####
## ..# #...# .. ..#
#...# .##
..####...#####.##..
...............#g.
.#.......#######g#
.........#######@#
#.....####.....(.#
.......÷.....#####
##...#.#...#.......
...#....#.#########
##.#....#.......#
#.............#.#
.......######.#.#
..........###.#.#


You could see 2 gnolls.

Vanquished Creatures
  Terence (D:2)
  A gnoll (D:2)
  3 adders (D:2)
  3 worms (D:2)
  3 giant geckos
  3 orcs (D:2)
  3 giant cockroaches
  3 goblins
  6 hobgoblins
  3 jackals (D:2)
  3 kobolds
  4 bats
  4 rats
40 creatures vanquished.

Notes
Turn   | Place    | Note
--------------------------------------------------------------
     0 | D:1      | Zhenya25pyc the Gargoyle Fighter began the quest for the Orb.
     0 | D:1      | Reached XP level 1. HP: 14/14 MP: 1/1
   186 | D:1      | Reached XP level 2. HP: 17/19 MP: 2/2
   596 | D:2      | Noticed Terence
   614 | D:2      | Killed Terence
   614 | D:2      | Reached XP level 3. HP: 13/24 MP: 3/3
   854 | D:2      | Reached XP level 4. HP: 22/29 MP: 4/4
  1187 | D:2      | Found a sacrificial altar of Ru.
  1244 | D:2      | Reached XP level 5. HP: 23/33 MP: 5/5
  1255 | D:2      | Slain by a gnoll

Vault maps used:
D:1:      dpeg_arrival_rooms_c
D:2:      grunt_temple_overflow_order_and_chaos_2, lemuel_doored_altar,
          first_bread, minmay_misc_feat_five, guppyfry_early_orc_mine,
          uniq_terence

Skill      XL: |  1  2  3  4 |
---------------+-------------+-----
Maces & Flails | 3 |  3.7
Fighting       | 4 |  4.2
Armour         | 4 |  4.0
Shields        | |  3.2

Action                   |  1- 3 |  4- 6 || total
-------------------------+-------+-------++-------
Melee: Flail             |   106 |    90 ||   196
  Eat: Chunk             |       |     1 ||     1
Armor: Plate armour      |   104 |    69 ||   173
       Scale mail        |     2 |       ||     2
Dodge: Dodged            |    25 |    23 ||    48
Block: Shield            |    74 |    56 ||   130
